 Dungeon Crawl Stone Soup version 0.30-a0-702-gdf48620a09 (webtiles) character file.

Game seed: 2816008741108596455

63 Leeroy the Slasher (level 4, -1/26 HPs)
             Began as a Tengu Warper on Jan 21, 2023.
             Slain by a goblin
             ... wielding a +0 club
             ... led by Robin
              (5 damage)
             ... on level 2 of the Dungeon.
             The game lasted 00:00:56 (1231 turns).

Leeroy the Slasher (Tengu Warper)                   Turns: 1231, Time: 00:00:57

Health: -1/26      AC:  3    Str: 11    XL:     4   Next: 9%
Magic:  8/8        EV: 12    Int: 14    God:
Gold:   70         SH:  0    Dex: 15    Spells: 7/7 levels left

rFire   . . .      SeeInvis .    a - +0 falchion
rCold   . . .      Faith    .    (no shield)
rNeg    . . .      Spirit   .    b - +0 leather armour
rPois   .          Reflect  .    (helmet restricted)
rElec   .          Harm     .    (no cloak)
rCorr   .          Rampage  .    (no gloves)
Will    .....                    (boots unavailable)
Stlth   +                        (no amulet)
HPRegen 0.24/turn                (no ring)
MPRegen 0.11/turn                (no ring)

@: no status effects
A: beak, talons 3
a: no special abilities


You were on level 2 of the Dungeon.
You visited 1 branch of the dungeon, and saw 2 of its levels.

You collected 70 gold pieces.

Inventory:

Hand Weapons
 a - a +0 falchion (weapon)
Missiles
 d - 7 boomerangs of dispersal (quivered)
 h - 5 poisoned darts
Armour
 b - a +0 leather armour (worn)
Jewellery
 g - a ring of flight
Scrolls
 c - a scroll of blinking
 f - a scroll of magic mapping {unknown}
 i - a scroll of identify {unknown}
Potions
 e - a potion of attraction {unknown}


   Skills:
 - Level 2.0 Fighting
 + Level 4.7 Long Blades
 - Level 1.0 Throwing
 - Level 1.1 Armour
 - Level 2.1 Dodging
 - Level 2.0 Spellcasting
 - Level 2.4 Translocations


You had 7 spell levels left.
You didn't know any spells.
Your spell library contained the following spells:

 Spells                   Type           Power      Damage    Failure   Level
 Blink                    Tloc           16%        N/A       19%         2
 Lesser Beckoning         Tloc           16%        N/A       19%         2
 Teleport Other           Tloc           8%         N/A       34%         3
 Vhi's Electric Charge    Tloc/Air       8%         N/A       50%         3
 Manifold Assault         Tloc           8%         N/A       75%         4


Dungeon Overview and Level Annotations

Branches:
Dungeon (2/15)

Altars:

Annotations:
D:2 Robin


Innate Abilities, Weirdness & Mutations

You have a beak for a mouth.
You have claws for feet.


Message History

Robin of the Strong Arm comes into view.
They are wielding a +0 mace.
A goblin comes into view. It is wielding a +0 club.
Robin shouts!
The goblin shouts!
Robin throws the goblin at you! The goblin hits you with a +0 club.
A hobgoblin comes into view.
The goblin closely misses you.
You barely miss the goblin. You peck the goblin.
You kill the goblin!
The goblin hits you with a +0 dagger.
You barely miss the goblin. Your kick misses the goblin.
Robin roars a battlecry!
The goblins go into a battle-frenzy!
The goblin hits you with a +0 dagger.
A goblin comes into view. It is wielding a +0 club.
You hear a shout!
You closely miss the goblin. You claw the goblin.
You kill the goblin!
You closely miss the goblin. Your kick misses the goblin.
The goblin barely misses you.
You slash the goblin!
You kill the goblin!
Robin throws the goblin at you! The goblin hits you with a +0 dagger.
A hobgoblin comes into view.
The goblin misses you.
You hit the goblin.
The goblin is heavily wounded.
A goblin comes into view. It is wielding a +0 club.
The goblin hits you with a +0 dagger.
You hit the goblin but do no damage. Your kick misses the goblin.
The goblin is heavily wounded.
Robin says, "A pitiful Tengu like you will never find the ORB!"
Robin hits you with a +0 mace!
* * * LOW HITPOINT WARNING * * *
The goblin hits you but does no damage.
Okay, then.
You don't know any spells.
You slash the goblin!
You kill the goblin!
Robin throws the goblin at you! The goblin hits you with a +0 club.
You die...

######## ####
#......# ...##
#.####.#
....#######.####g#
...............#@#
.......####.##.#g#
.......# #.# .g#
.......# #.. ..g#
...##### ######.#
#### #g# .# ######
#.# .# .....# #.#
.##.....#


You could see Robin, 2 hobgoblins and 2 goblins.

Vanquished Creatures
  3 adders (D:2)
  2 dart slugs
  2 bats (D:2)
  3 endoplasms
  9 goblins
  3 quokkas
  2 ball pythons (D:2)
  2 frilled lizards
  3 kobolds (D:1)
  5 rats
34 creatures vanquished.

Notes
Turn   | Place    | Note
-------+----------+-------------------------------------------
     0 | D:1      | Leeroy the Tengu Warper began the quest for the Orb.
     0 | D:1      | Reached XP level 1. HP: 12/12 MP: 4/4
   145 | D:1      | Reached XP level 2. HP: 10/17 MP: 6/6
   160 | D:1      | Reached skill level 3 in Long Blades
   646 | D:2      | Reached XP level 3. HP: 21/21 MP: 7/7
   679 | D:2      | Reached skill level 4 in Long Blades
  1037 | D:2      | Reached XP level 4. HP: 23/26 MP: 8/8
  1222 | D:2      | Noticed Robin
  1231 | D:2      | Slain by a goblin

Illustrated notes

Levels and vault maps discovered:
D:1:      minmay_arrival_nine_rooms, layout_basic
D:2:      layout_loops_cross, uniq_robin

Skill      XL: |  1  2  3 |
---------------+----------+-----
Long Blades    | 3 4 |  4.7
Fighting       | |  2.0
Throwing       | |  1.0
Armour         | |  1.1
Dodging        | |  2.1
Spellcasting   | |  2.0
Translocations | |  2.4

Action                   |  1- 3 |  4- 6 || total
-------------------------+-------+-------++-------
Melee: Falchion          |    65 |     8 ||    73
       Kick              |    11 |     1 ||    12
       Peck              |     7 |     1 ||     8
 Stab: Sleeping          |     1 |       ||     1
Armor: Leather armour    |     9 |     2 ||    11
Dodge: Dodged            |    26 |     3 ||    29

Table legend: (Time is in decaauts)
 A = Elapsed time spent in this place.
 B = Non-inter-level travel time spent in this place.
 C = Inter-level travel time spent in this place.
 D = Time resting spent in this place.
 E = Time spent auto-exploring this place.
 F = Levels seen in this place.
 G = Mean time per level.
                   A        B        C        D        E       F      G
               +--------+--------+--------+--------+--------+-----+--------+
         Total |   1239 |   1237 |      2 |      0 |   1046 |   2 |  619.5 |
       Dungeon |   1239 |   1237 |      2 |      0 |   1046 |   2 |  619.5 |
               +--------+--------+--------+--------+--------+-----+--------+

Top non-repeatable levels by time:
     D:1: 642 daAuts
     D:2: 596 daAuts
